 Dungeon Crawl Stone Soup version 0.27.1-3-gb3d3a73c9e (webtiles) character file.

Game seed: 4228054275188139519

54 Urokeeper the Chopper (level 3, -1/34 HPs)
             Began as a Hill Orc Berserker on Oct 21, 2021.
             Was a Believer of Trog.
             Slain by Robin (4 damage)
             ... on level 2 of the Dungeon.
             The game lasted 00:02:46 (1235 turns).

Urokeeper the Chopper (Hill Orc Berserker)          Turns: 1235, Time: 00:02:47

Health: -1/34      AC:  6    Str: 20    XL:     3   Next: 91%
Magic:  3/3        EV: 11    Int:  7    God:    Trog [**....]
Gold:   48         SH:  0    Dex: 10    Spells: 2/2 levels left

rFire    . . .     SeeInvis .   a - +0 hand axe
rCold    . . .     Faith    .   (no shield)
rNeg     . . .     Spirit   .   c - +0 ring mail
rPois    .         Reflect  .   b - +0 helmet
rElec    .         Harm     .   (no cloak)
rCorr    .         Rampage  .   (no gloves)
Will     .....                  (no boots)
Stlth    ..........             (no amulet)
HPRegen  0.11/turn              (no ring)
MPRegen  0.08/turn              (no ring)

@: on berserk cooldown, slowed, very slow
A: no striking features
a: Renounce Religion, Berserk, Trog's Hand


You were on level 2 of the Dungeon.
You worshipped Trog.
Trog was pleased with you.
You visited 1 branch of the dungeon, and saw 2 of its levels.

You collected 48 gold pieces.

Inventory:

Hand Weapons
 a - a +0 hand axe (weapon)
Armour
 b - a +0 helmet (worn)
 c - a +0 ring mail (worn)
Scrolls
 d - a scroll of noise {unknown}
 f - a scroll of enchant weapon {unknown}
Potions
 e - a potion of heal wounds {unknown}


   Skills:
 + Level 4.4 Fighting
 * Level 5.6 Axes
 - Level 2.1 Armour
 - Level 1.5 Dodging


You had 2 spell levels left.
You didn't know any spells.
Your spell library was empty.

Dungeon Overview and Level Annotations

Branches:
Dungeon (2/15)

Altars:

Annotations:
D:2 Robin


Message History

The goblin hits you but does no damage.
You hit the goblin.
You kill the goblin!
Trog accepts your kill.
You barely miss the goblin.
The hobgoblin no longer looks unusually strong.
The goblin hits you but does no damage. The goblin closely misses you.
You hit the goblin.
You kill the goblin!
Trog accepts your kill.
You hit something. Something hits you!
The hobgoblin hits you but does no damage.
You closely miss the hobgoblin. You closely miss something. Something hits you.
The hobgoblin barely misses you.
The hobgoblin goes into a battle-frenzy!
You barely miss the hobgoblin. You barely miss something.
The hobgoblin closely misses you. Something hits you. The hobgoblin hits you.
You are too injured to fight recklessly!
You are too injured to fight recklessly!
You are too injured to fight recklessly!
You hit the hobgoblin.
The hobgoblin is moderately wounded.
You closely miss something.
Robin appears from thin air!
Reactivating autopickup.
Robin drinks a potion.
Robin flickers and vanishes!
Deactivating autopickup; reactivate with Ctrl-A.
The hobgoblin hits you but does no damage.
Something hits you but does no damage.
You barely miss the hobgoblin.
The hobgoblin is moderately wounded.
You hit something. The hobgoblin closely misses you. Something hits you!
The hobgoblin hits you.
* * * LOW HITPOINT WARNING * * *
You slash the hobgoblin!
You kill the hobgoblin!
Trog accepts your kill.
You closely miss something. Something hits you!
* * * LOW HITPOINT WARNING * * *
Something hits you.
You die...

#...<..#........## ...
#................##
...
#................#.
...
#..................
...#.................#
#.######............#
... ###..>.....#.#
#)#####...........#
#{@).##..........##
####)##..........#
#)##..........#
#.##....>.....#
#..##........##
##.###......##
#...###..### .
###.......####
#..####..........##


There were no monsters in sight!

Vanquished Creatures
  A gnoll (D:1)
  4 ball pythons
  2 bats (D:1)
  5 endoplasms (D:1)
  3 giant cockroaches
  10 goblins
  4 hobgoblins
  3 jackals (D:1)
  2 kobolds (D:1)
  A frilled lizard (D:1)
  3 rats (D:1)
38 creatures vanquished.

Notes
Turn   | Place    | Note
-------+----------+-------------------------------------------
     0 | D:1      | Urokeeper the Hill Orc Berserker began the quest for the
                  | Orb.
     0 | D:1      | Reached XP level 1. HP: 19/19 MP: 1/1
   238 | D:1      | Reached XP level 2. HP: 27/27 MP: 2/2
   310 | D:1      | Found a faded altar of an unknown god.
   512 | D:1      | Reached skill level 5 in Axes
   643 | D:1      | Reached XP level 3. HP: 26/33 MP: 3/3
  1195 | D:2      | Identified the +0 helmet of Eternity {+Inv}
  1195 | D:2      | Noticed Robin
  1225 | D:2      | Reached ** piety under Trog
  1235 | D:2      | Slain by Robin

Illustrated notes

Levels and vault maps discovered:
D:1:      dpeg_arrival_stonehenge_8_columns, layout_loops_ring,
          basic_ecumenical_altar, minmay_octomino_e4
D:2:      layout_rooms, minmay_misc_feat_columns, item_on_display_a, uniq_robin,
          uniq_jessica

Skill      XL: |  1  2 |
---------------+-------+-----
Fighting       | 4 |  4.4
Axes           | 5 |  5.6
Armour         | |  2.1
Dodging        | |  1.5

Action                   || total
-------------------------++-------
Melee: Hand axe          ||    94
Invok: Berserk           ||     3
Armor: Ring mail         ||    30
       Animal skin       ||     2
Dodge: Dodged            ||    45
